 Dungeon Crawl Stone Soup version 0.14-a0-736-g2a71271 (webtiles) character file.

5731 Impy the Fighter (level 10, -7/78 HPs)
             Began as a Demonspawn Gladiator on Nov 7, 2013.
             Was a Follower of Ashenzari.
             Mangled by a troll (13 damage)
             ... on Level 10 of the Dungeon.
             The game lasted 00:51:22 (9266 turns).

Impy the Fighter (Demonspawn Gladiator)             Turns: 9266, Time: 00:51:23

HP  -7/78        AC  9     Str 13 (16) XL: 10   Next: 36%
MP   9/9         EV 14     Int 11      God: Ashenzari [*.....]
Gold 457         SH  0     Dex 13      Spells:  0 memorised,  9 levels left

Res.Fire  : . . .   See Invis. : .   t - +2,+3 quarterstaff (chaos)
Res.Cold  : . . .   Warding    : .   b - +0 leather armour (curse)
Life Prot.: . . .   Conserve   : .   (no shield)
Res.Poison: +       Res.Corr.  : .   (helmet restricted)
Res.Elec. : .       Clarity    : .   y - +0 cloak
Sust.Abil.: . .     Spirit.Shd : .   q - +0 pair of gauntlets
Res.Mut.  : .       Stasis     : .   B - +0 pair of boots (curse)
Res.Rott. : .       Flight     : .   (no amulet)
Saprovore : . . .                    z - ring of poison resistance
                                     x - ring of regeneration

@: somewhat resistant to hostile enchantments, very unstealthy
A: horns 2, breathe flames 1, demonic guardian 1, powered by pain 2, AC +3, EV
-1, Int -2
a: Renounce Religion, Breathe Fire


You were on level 10 of the Dungeon.
You worshipped Ashenzari.
Ashenzari was aware of your devotion.
You were not hungry.

You visited 2 branches of the dungeon, and saw 11 of its levels.
You also visited: Sewer and Ossuary.

You collected 457 gold pieces.

Inventory:

Hand weapons
 c - a +1 orcish blowgun
 l - a +3,+1 quarterstaff of protection
 t - a +2,+3 quarterstaff of chaos (weapon)
 u - the cursed +5,+12 falchion "Baunun" {distort, MR++ Int+3}
   (You found it on level 7 of the Dungeon)

   It warps and distorts space around it.
   Unwielding it can cause banishment or high damage.
   It affects your intelligence (+3).
   It affects your resistance to hostile enchantments.
   It has a curse placed upon it.
 F - the +6,+1 short sword "Yniet" {drain, rF- Str+3 Int+4}
   (You took it off a goblin on level 7 of the Dungeon)

   A truly terrible weapon, it drains the life of those it strikes.
   It affects your strength (+3).
   It affects your intelligence (+4).
   It makes you vulnerable to fire.
 Q - a +0,+2 spear of distortion
Missiles
 i - 21 poisoned needles
 k - 3 needles of confusion
Armour
 b - a cursed +0 leather armour (worn)
 q - a +0 pair of gauntlets (worn)
 y - a +0 cloak (worn)
 B - a cursed +0 pair of boots (worn)
 M - a +0 troll hide
Magical devices
 o - a wand of polymorph (12)
 P - a wand of polymorph (0)
 S - a wand of paralysis (14)
 U - a wand of teleportation (3)
Comestibles
 d - 16 strawberries
 f - 5 bread rations
 j - 5 meat rations
 C - 15 cheeses
Scrolls
 a - a scroll of curse weapon
 e - a scroll of identify
 g - 2 scrolls of teleportation
 h - 2 scrolls of remove curse
 m - a scroll of fear
 w - 5 scrolls of recharging
 R - 3 scrolls of enchant weapon I
Jewellery
 s - a cursed ring of flight
 x - a ring of regeneration (left hand)
 z - a ring of poison resistance (right hand)
 E - an uncursed ring of protection from magic
 O - an uncursed ring of protection from fire
Potions
 p - 5 potions of curing
 r - a potion of brilliance
 v - 2 potions of magic
 D - 2 potions of might
 H - a potion of flight
 I - a potion of speed
 K - a potion of mutation
Books
 G - a book of Wizardry

   Spells                             Type                      Level
   Summon Elemental                   Summoning                    4
   Agony                              Necromancy                   5
   Force Lance                        Conjuration                  5
   Fireball                           Conjuration/Fire             5
   Haste                              Charms                       6
   Invisibility                       Hexes                        6


   Skills:
 + Level 9.1 Fighting
 - Level 6.6 Polearms
 + Level 7.1 Staves
 - Level 1.7 Throwing
 + Level 8.8 Dodging


You had 9 spell levels left.
You didn't know any spells.

Dungeon Overview and Level Annotations

Branches:
Dungeon (10/27)            Temple (1/1) D:6             Orc (0/4) D:6
   Lair: D:8-13

Altars:
Ashenzari
Cheibriados
Elyvilon
Fedhas
Kikubaaqudgha
Makhleb
Nemelex Xobeh
Okawaru
Sif Muna
Trog
Vehumet
Xom
Yredelemnul
Zin
the Shining One

Shops:
D:8 %

Annotations:
D:2 exclusion: oklob plant
D:9 Gastronok


Innate Abilities, Weirdness & Mutations

You have a pair of horns on your head.
You are mostly covered in molten scales (AC +3, EV -1).
A weak demonic guardian rushes to your aid.
You sometimes gain power by taking damage.
You can breathe flames.
You are dopey. (Int -2)


Message History

Drink which item? (? for menu, Esc to quit)
You feel much better. The troll bites you!
* * * LOW HITPOINT WARNING * * *
The troll closely misses you. The troll claws you!
* * * LOW HITPOINT WARNING * * *
You hit the troll.
You feel better.
The troll is almost dead.
The troll bites you.
* * * LOW HITPOINT WARNING * * *
The troll claws you.
* * * LOW HITPOINT WARNING * * *
The troll claws you.
* * * LOW HITPOINT WARNING * * *
You closely miss the troll.
The troll is almost dead.
The troll closely misses you.
You hit the troll.
The troll is almost dead.
The troll bites you!
You die...

....(.....###.#...........##.###.
######.........................
##.....###.##.#####....!#.....
#........#.T.................
.T.....#%......####.....#...
........####...........#..
#.....### #.##.##.....# ##.#.#
#T# .##.#.# # #. #@#
#.......%.....# ###.###........
#####.### .. #


You could see a troll.

Vanquished Creatures
  Joseph (D:7)
  3 trolls
  2 hippogriffs
  A hill giant skeleton (D:7)
  Edmund (D:8)
  A necrophage (D:8)
  4 orc warriors
  3 ogres
  A sky beast (D:8)
  A warg (D:6)
  A water moccasin (D:9)
  Blork the orc (D:4)
  4 giant frogs
  A manticore skeleton (D:8)
  6 killer bees (D:8)
  5 crimson imps
  2 jellies
  A water moccasin zombie (D:7)
  2 centaur zombies (Ossuary)
  A big fish (D:2)
  A centaur skeleton (D:9)
  4 iguanas
  8 orc priests
  9 orc wizards
  A hound (D:6)
  2 scorpions
  4 worker ants
  An orange rat (D:7)
  A big kobold zombie (Ossuary)
  Jessica (D:3)
  A crocodile skeleton (D:9)
  5 mummies (Ossuary)
  4 gnolls (D:8)
  4 green rats
  10 adders
  2 giant mites
  3 worms
  2 iguana zombies
  27 grey rats
  2 giant eyeballs
  4 giant geckos
  An ooze (D:3)
  24 orcs
  17 bats
  11 giant cockroaches
  A gnoll zombie (D:5)
  6 goblins
  18 hobgoblins
  7 jackals
  16 kobolds
  13 ball pythons
  8 giant newts
  A giant newt skeleton (D:5)
  A goblin skeleton (D:4)
  A goblin zombie (Ossuary)
  2 hobgoblin skeletons
  2 hobgoblin zombies
  2 kobold zombies (Ossuary)
  An orc zombie (Ossuary)
  2 quokka skeletons
  21 rats
  A ballistomycete (D:10)
  2 fungi (D:7)
296 creatures vanquished.

Vanquished Creatures (collateral kills)
  A hungry ghost (D:9)
  An orc warrior (D:6)
  2 giant frogs
  A centaur (D:4)
  A warg (D:6)
  2 orc priests
  An orc wizard (D:5)
  A big fish (D:2)
  Ijyb (D:7)
  4 orcs
  4 ball pythons
  2 jackals (D:3)
21 creatures vanquished.

Vanquished Creatures (others)
  6 crimson imps
  7 iron imps
  12 lemures
  5 white imps
  9 ufetubi
  A giant spore (D:10)
40 creatures vanquished.

Grand Total: 357 creatures vanquished

Notes
Turn   | Place    | Note
--------------------------------------------------------------
     0 | D:1      | Impy, the Demonspawn Gladiator, began the quest for the Orb.
     0 | D:1      | Reached XP level 1. HP: 17/17 MP: 0/0
   122 | D:1      | Gained mutation: You are partially covered in molten scales (AC +1). [demonic ancestry]
   122 | D:1      | Reached XP level 2. HP: 21/23 MP: 1/1
   145 | D:1      | Reached skill level 3 in Dodging
   445 | D:2      | Gained mutation: A weak demonic guardian rushes to your aid. [demonic ancestry]
   445 | D:2      | Reached XP level 3. HP: 28/28 MP: 2/2
   648 | D:2      | Found an ancient bone altar of Kikubaaqudgha.
  1161 | D:2      | Found a blossoming altar of Fedhas.
  1173 | D:2      | Reached XP level 4. HP: 28/35 MP: 3/3
  1340 | D:2      | Noticed an oklob plant
  1430 | D:3      | Noticed Jessica
  1433 | D:3      | Killed Jessica
  1591 | D:3      | Gained mutation: You sometimes gain a little power by taking damage. [demonic ancestry]
  1591 | D:3      | Reached XP level 5. HP: 25/40 MP: 4/4
  1605 | D:3      | Found a glowing drain.
  1609 | Sewer    | Entered a sewer
  1853 | Sewer    | Reached skill level 4 in Polearms
  2380 | Sewer    | Gained mutation: You have a pair of small horns on your head. [demonic ancestry]
  2380 | Sewer    | Reached XP level 6. HP: 29/47 MP: 5/5
  3063 | D:3      | Noticed a giant frog
  3074 | D:3      | Killed a giant frog
  3239 | D:4      | Reached XP level 7. HP: 43/53 MP: 6/6
  3289 | D:4      | Found an iron altar of Okawaru.
  3454 | D:4      | Noticed Blork the orc
  3469 | D:4      | Killed Blork the orc
  3469 | D:4      | Reached skill level 5 in Dodging
  3764 | D:5      | Entered Level 5 of the Dungeon
  3810 | D:5      | Reached skill level 5 in Polearms
  4018 | D:5      | Reached skill level 5 in Fighting
  4751 | D:6      | Gained mutation: You sometimes gain power by taking damage. [demonic ancestry]
  4751 | D:6      | Reached XP level 8. HP: 61/61 MP: 7/7
  5097 | D:6      | Reached skill level 6 in Fighting
  5116 | D:6      | Found a staircase to the Orcish Mines.
  5427 | D:6      | Paralysed by a giant eyeball for 4 turns
  5435 | D:6      | Paralysed by a giant eyeball for 2 turns
  5593 | D:7      | Noticed Joseph
  5616 | D:7      | Killed Joseph
  5616 | D:7      | Reached skill level 7 in Fighting
  5616 | D:7      | Gained mutation: You have a pair of horns on your head. [demonic ancestry]
  5616 | D:7      | Reached XP level 9. HP: 21/68 MP: 8/8
  5639 | D:7      | Got a brightly glowing falchion
  5640 | D:7      | Identified the +5,+12 falchion "Baunun" {distort, MR++ Int+3} (You found it on level 7 of the Dungeon)
  5699 | D:7      | Noticed Ijyb
  5708 | D:7      | Killed Ijyb
  5713 | D:7      | Reached skill level 1 in Staves
  5980 | D:7      | Got a bloodstained short sword
  5987 | D:7      | Identified the +6,+1 short sword "Yniet" {drain, rF- Str+3 Int+4} (You took it off a goblin on level 7 of the Dungeon)
  6297 | D:7      | Noticed Crazy Yiuf
  6300 | D:7      | Noticed Crazy Yiuf
  6300 | D:7      | Crazy Yiuf changed into Crazy Yiuf the iguana
  6306 | D:7      | Killed Crazy Yiuf the iguana
  6382 | D:8      | Found a sand-covered staircase.
  6418 | Ossuary  | Entered an ossuary
  6632 | Ossuary  | Gained mutation: You are dopey. (Int -2) [potion of mutation]
  6632 | Ossuary  | Gained mutation: You can breathe flames. [potion of mutation]
  6633 | Ossuary  | Paralysed by a potion of paralysis for 3 turns
  6649 | D:8      | Found Kiaxieh's Food Shoppe.
  6846 | D:8      | Reached skill level 8 in Fighting
  7089 | D:8      | Noticed Edmund
  7135 | D:8      | Killed Edmund
  7135 | D:8      | Reached skill level 5 in Staves
  7478 | D:8      | Found a glowing silver altar of Zin.
  7627 | D:6      | Found a white marble altar of Elyvilon.
  7878 | D:6      | Found a staircase to the Ecumenical Temple.
  7885 | Temple   | Entered the Ecumenical Temple
  7951 | Temple   | Became a worshipper of Ashenzari the Shackled
  8166 | D:9      | Gained mutation: You are mostly covered in molten scales (AC +3, EV -1). [demonic ancestry]
  8166 | D:9      | Reached XP level 10. HP: 41/77 MP: 9/9
  8400 | D:9      | Noticed Gastronok
  8523 | D:9      | Found a shimmering altar of Xom.
  8622 | D:9      | Reached skill level 9 in Fighting
  8703 | D:10     | Entered Level 10 of the Dungeon
  9266 | D:10     | Mangled by a troll

Action                   |  1- 3 |  4- 6 |  7- 9 | 10-12 || total
-------------------------+-------+-------+-------+-------++-------
Melee: Trident           |   143 |   351 |   372 |       ||   866
       Flail             |       |       |     4 |       ||     4
       Quarterstaff      |       |       |   412 |   108 ||   520
 Fire: Blowgun           |       |       |     5 |       ||     5
Throw: Throwing net      |       |     2 |    19 |     1 ||    22
Evoke: Wand              |       |       |     2 |     5 ||     7
  Use: Scroll            |     6 |     6 |    17 |     8 ||    37
       Potion            |     5 |     4 |    15 |     6 ||    30
 Stab: Sleeping          |     2 |       |       |       ||     2
       Distracted        |     1 |       |     1 |       ||     2
       Held in net/web   |       |       |     3 |     1 ||     4
       Invisible         |       |       |     1 |       ||     1
       Paralysed         |       |       |       |     3 ||     3
